 Dungeon Crawl Stone Soup version 0.22-a0-3-g4fa69d9 (webtiles) character file.

247 Firecrotchwizard the Firebug (level 6, -9/45 HPs)
             Began as a Hill Orc Fire Elementalist on Jan 2, 2018.
             Was a Follower of Sif Muna.
             Blown up by an orc priest (14 damage)
             ... with a wand of disintegration (17)
             ... on level 4 of the Dungeon.
             The game lasted 00:08:05 (3328 turns).

Firecrotchwizard the Firebug (HOFE)                 Turns: 3328, Time: 00:08:05

Health: -9/45      AC: 12    Str: 11    XL:     6   Next: 11%
Magic:  9/9        EV:  5    Int: 17    God:    Sif Muna [*.....]
Gold:   186        SH:  0    Dex: 11    Spells: 6/10 levels left

rFire    + . .     SeeInvis .   A - +0 war axe
rCold    . . .     Gourm    .   (no shield)
rNeg     . . .     Faith    .   y - +1 chain mail {rF+}
rPois    +         Spirit   .   (no helmet)
rElec    .         Reflect  .   n - +1 cloak {rPois}
rCorr    .         Harm     .   p - +0 pair of gloves
MR       .....                  (no boots)
Stlth    ..........             f - amulet of regeneration {@e1+regen, !d}
HPRegen  0.55/turn              (no ring)
MPRegen  0.11/turn              (no ring)

@: no status effects
A: no striking features
a: Divine Energy, Renounce Religion, Convert to Beogh


You were on level 4 of the Dungeon.
You worshipped Sif Muna.
Sif Muna was aware of your devotion.
You were not hungry.

You visited 1 branch of the dungeon, and saw 4 of its levels.

You collected 186 gold pieces.

Inventory:

Hand Weapons
 A - a +0 war axe (weapon)
   (You took it off an orc priest on level 3 of the Dungeon)
Armour
 a - a +0 robe
 n - a +1 cloak of poison resistance (worn)
   (You found it on level 1 of the Dungeon)
 p - a +0 pair of gloves (worn)
   (You found it on level 3 of the Dungeon)
 y - a +1 chain mail of fire resistance (worn)
   (You took it off an orc on level 3 of the Dungeon)
Jewellery
 f - an amulet of regeneration (around neck) {@e1+regen, !d}
   (You found it on level 1 of the Dungeon)
Scrolls
 d - 2 scrolls of fog {unknown}
 e - 2 scrolls of teleportation {unknown}
 g - a scroll of immolation {unknown}
 j - 2 scrolls of identify
 l - 2 scrolls of remove curse {unknown}
 m - a scroll of enchant armour {unknown}
 o - 2 scrolls of fear {unknown}
 q - 2 scrolls of blinking {unknown}
 s - 2 scrolls of enchant weapon {unknown}
Potions
 h - 2 potions of agility {unknown}
 i - a potion of heal wounds {unknown}
 t - a potion of curing {unknown}
 u - 2 potions of brilliance {unknown}
 v - a potion of cancellation {unknown}
Books
 b - a book of Flames
Comestibles
 c - 3 rations {@e1}
 k - 2 chunks of flesh {@w0}


   Skills:
 * Level 1.8 Axes
 - Level 1.6 Dodging
 - Level 1.6 Stealth
 - Level 2.5 Spellcasting
 + Level 4.0 Conjurations
 + Level 4.5 Fire Magic


You had 6 spell levels left.
You knew the following spells:

 Your Spells              Type           Power        Failure   Level  Hunger
a - Flame Tongue          Conj/Fire      ###..        89%         1    #......
c - Conjure Flame         Conj/Fire      ###.....     99%         3    ###....


Dungeon Overview and Level Annotations

Branches:
Dungeon (4/15)
 Temple: D:4-7

Altars:
Ashenzari
Nemelex Xobeh
Sif Muna
Uskayaw
Yredelemnul
The Shining One

Annotations:
D:4 1 transporter


Message History

You completely miss the orc. The orc hits you but does no damage. x2
You barely miss the orc. The orc hits you with a dagger.
An orc comes into view. It is wielding a morningstar.
You take 3 damage, and have 42/45 hp.
You hit the orc.
You kill the orc!
Sif Muna accepts your kill.
You closely miss the ball python. The ball python barely misses you.
The ball python grabs you. The ball python constricts you.
The ball python bites you but does no damage.
The ball python constricts you.
An orc comes into view.
It is wielding a short sword of protection.
You take 1 damage, and have 42/45 hp.
You barely miss the ball python.
The orc shouts!
The ball python bites you. The ball python constricts you.
The ball python bites you but does no damage.
The ball python constricts you.
You closely miss the ball python.
The ball python bites you but does no damage.
The ball python constricts you.
The ball python bites you but does no damage.
The ball python constricts you.
Your chain mail prevents you from hitting the ball python.
You hit the orc.
The ball python bites you but does no damage.
The ball python constricts you. The orc hits you but does no damage.
You hit the ball python but do no damage.
You closely miss the orc.
The ball python bites you but does no damage.
The ball python constricts you.
The ball python bites you but does no damage.
The ball python constricts you.
An orc priest comes into view. It is wielding a flail.
You take 1 damage, and have 42/45 hp.
Your chain mail prevents you from hitting the ball python.
The orc priest shouts!
You hit the orc.
You kill the orc!
Sif Muna accepts your kill.
Your Conjurations skill increases to level 4!
The ball python bites you but does no damage.
The ball python constricts you. The orc hits you but does no damage.
The ball python bites you but does no damage.
The ball python constricts you.
Your chain mail prevents you from hitting the ball python.
You hit the orc.
The orc hits you with a short sword of protection.
The ball python bites you but does no damage.
The ball python constricts you.
You take 1 damage, and have 41/45 hp.
You closely miss the ball python. You hit the orc.
The ball python bites you but does no damage.
The ball python constricts you. The orc hits you but does no damage.
The ball python bites you but does no damage.
The ball python constricts you. The orc hits you but does no damage.
You closely miss the ball python. You barely miss the orc.
The ball python bites you but does no damage.
The ball python constricts you. The orc hits you but does no damage.
The orc priest invokes the aid of Beogh against you.
Beogh smites you!
The ball python bites you but does no damage.
The ball python constricts you.
You take 11 damage, and have 31/45 hp.
MASSIVE DAMAGE!!
You hit the ball python. You hit the orc but do no damage.
The orc priest shouts, "Join the one true god or die!"
You hit the orc priest. The orc hits you but does no damage.
The ball python barely misses you. The ball python constricts you.
The orc priest invokes the aid of Beogh against you.
Pain shoots through your body!
The orc hits you with a short sword of protection.
You take 7 damage, and have 24/45 hp.
You hit the ball python.
You kill the ball python!
Sif Muna accepts your kill.
You can now request divine energy to cast spells with insufficient magic.
You barely miss the orc priest. You hit the orc but do no damage.
The orc priest hits you but does no damage.
The orc barely misses you.
You closely miss the orc priest. You hit the orc.
You kill the orc!
Sif Muna accepts your kill.
The orc priest zaps a wand.
You are blasted!
* * * LOW HITPOINT WARNING * * *
It is a wand of disintegration (18).
The orc priest begins to cast a cantrip, but forgets the words!
You take 21 damage, and have 3/45 hp.
MASSIVE DAMAGE!!
You hit the orc priest.
The orc priest zaps a wand.
You barely resist. You slash the orc priest!
The orc priest hits you but does no damage.
You hit the orc priest.
The orc priest zaps a wand.
You are blasted!
You die...

......... ...((..
...... ##### .$...
§§§§§ #...##§§§§§
#####...##§§§§§
+.....))o#%$.§§ #
....#......@©#Y).§§ #.
....#..%.....#Y$.§§
#...
#..##.###...##Y§§§§
...##..######...##§§§§§
#..........+.....#§§§§§
##..........#.....#
#### ....##...# ##'####
....##'######...####
.....................


You could see 3 ice beasts and an orc priest.

Vanquished Creatures
  3 orc priests (D:3)
  An orc wizard (D:4)
  3 adders
  2 oozes
  A worm (D:3)
  A dart slug (D:2)
  A leopard gecko (D:2)
  12 orcs
  A ball python (D:4)
  8 bats
  4 giant cockroaches
  10 goblins
  8 hobgoblins
  2 jackals (D:2)
  A quokka (D:2)
  2 frilled lizards (D:4)
  10 kobolds
  6 rats
76 creatures vanquished.

Notes
Turn   | Place    | Note
-------+----------+-------------------------------------------
     0 | D:1      | Firecrotchwizard the Hill Orc Fire Elementalist began the quest for the Orb.
     0 | D:1      | Reached XP level 1. HP: 14/14 MP: 3/3
   443 | D:1      | Reached XP level 2. HP: 20/20 MP: 4/4
   975 | D:2      | Found a glowing golden altar of the Shining One.
   986 | D:2      | Reached skill level 2 in Conjurations
  1083 | D:2      | Reached XP level 3. HP: 26/26 MP: 2/5
  1123 | D:2      | Found a faded altar of an unknown god.
  1282 | D:2      | Learned a level 3 spell: Conjure Flame
  1335 | D:2      | Reached skill level 2 in Spellcasting
  1503 | D:2      | Found a deep blue altar of Sif Muna.
  1511 | D:2      | Found a sparkling altar of Nemelex Xobeh.
  1511 | D:2      | Found a basalt altar of Yredelemnul.
  1539 | D:2      | Became a worshipper of Sif Muna the Loreminder
  1600 | D:2      | Found a shattered altar of Ashenzari.
  1734 | D:2      | Reached XP level 4. HP: 29/33 MP: 3/7
  2422 | D:3      | Reached skill level 3 in Conjurations
  2422 | D:3      | Reached skill level 4 in Fire Magic
  2424 | D:3      | Reached XP level 5. HP: 38/38 MP: 3/8
  2533 | D:3      | Found a hide-covered altar of Uskayaw.
  3235 | D:4      | Reached skill level 1 in Axes
  3243 | D:4      | Reached XP level 6. HP: 43/45 MP: 9/9
  3303 | D:4      | Noticed an ice beast
  3304 | D:4      | Found a transporter.
  3304 | D:4      | Noticed an ice beast
  3305 | D:4      | Noticed an ice beast
  3319 | D:4      | Reached skill level 4 in Conjurations
  3324 | D:4      | Reached * piety under Sif Muna
  3325 | D:4      | HP: 3/45 [disintegration (22)]
  3328 | D:4      | Blown up by an orc priest

Vault maps used:
D:1:      co_arrival_random_square_maze, serial_park_tiny_2
D:2:      overflow_temple_1_default, nicolae_ashenzari_panopticon,
          gammafunk_temple_overflow_statue, chequers_ecumenical_altar_island,
          tso_metal_star
D:3:      old_standard_altar, serial_bayou_pond_a, small_statue_alley_b
D:4:      gammafunk_cloud_chamber, first_ration

Skill      XL: |  1  2  3  4  5  6 |
---------------+-------------------+-----
Conjurations   | 2 3 4 |  4.0
Spellcasting   | 2 |  2.5
Fire Magic     | 4 |  4.5
Axes           | 1 |  1.8
Dodging        | |  1.6
Stealth        | |  1.6

Action                   |  1- 3 |  4- 6 || total
-------------------------+-------+-------++-------
Melee: Dagger            |    12 |       ||    12
       Unarmed           |     4 |       ||     4
       Spear             |    45 |       ||    45
       Mace              |       |    28 ||    28
       War axe           |       |    70 ||    70
Throw: Tomahawk          |    25 |    35 ||    60
 Cast: Flame Tongue      |    36 |    29 ||    65
  Use: Scroll            |     1 |       ||     1
 Stab: Sleeping          |     4 |       ||     4
  Eat: Chunk             |     3 |     3 ||     6
       Ration            |       |     1 ||     1
Armor: Robe              |    18 |    12 ||    30
       Chain mail        |       |    98 ||    98
Dodge: Dodged            |    43 |    62 ||   105

Table legend:
 A = Spawn XP
 B = Non-spawn XP
 C = Spawn XP percentage of total XP
 D = Spawn monster count
 E = Non-spawn monster count
 F = Spawn count percentage of total count
 G = Total turns spent on level
                    A         B        C        D         E        F      G
               +---------+---------+-------+---------+---------+-------+---------
         Total |       0 |     354 |   0.0 |       0 |      76 |   0.0 |  3328
               +---------+---------+-------+---------+---------+-------+---------
           D:1 |       0 |      29 |   0.0 |       0 |      15 |   0.0 |   974
           D:2 |       0 |      77 |   0.0 |       0 |      30 |   0.0 |  1199
           D:3 |       0 |     176 |   0.0 |       0 |      21 |   0.0 |   898
           D:4 |       0 |      72 |   0.0 |       0 |      10 |   0.0 |   257
               +---------+---------+-------+---------+---------+-------+---------

Vault maps used:
D:1:      co_arrival_random_square_maze, serial_park_tiny_2
D:2:      overflow_temple_1_default, nicolae_ashenzari_panopticon,
          gammafunk_temple_overflow_statue, chequers_ecumenical_altar_island,
          tso_metal_star
D:3:      old_standard_altar, serial_bayou_pond_a, small_statue_alley_b
D:4:      gammafunk_cloud_chamber, first_ration

Table legend:
 A = Turns spent in this place as a percentage of turns spent in the entire game.
 B = Non-inter-level travel turns spent in this place as a percentage of non-inter-level travel turns spent in the entire game.
 C = Inter-level travel turns spent in this place as a percentage of turns spent in this place.
 D = Turns resting spent in this place as a percentage of non-inter-level travel turns spent in this place.
 E = Turns spent auto-exploring this place as a percentage of non-inter-level travel turns spent in this place.
 F = Non-inter-level travel turns spent in this place divided by the number of levels of this place that you've seen.
                   A       B       C       D       E      F
               +-------+-------+-------+-------+-------+----------------------
         Total | 100.0 | 100.0 |   4.2 |  25.6 |  58.8 | 797.0
       Dungeon | 100.0 | 100.0 |   4.2 |  25.6 |  58.8 | 797.0
               +-------+-------+-------+-------+-------+----------------------

Table legend:
 A = Kills in this place as a percentage of kills in entire the game.
 B = Kills by you in this place as a percentage of kills by you in the entire game.
 C = Kills by friends in this place as a percentage of kills by friends in the entire game.
 D = Other kills in this place as a percentage of other kills in the entire game.
 E = Experience gained in this place as a percentage of experience gained in the entire game.
 F = Experience gained in this place divided by the number of levels of this place that you have seen.
                   A       B       C       D       E      F
               +-------+-------+-------+-------+-------+----------------------
         Total | 100.0 | 100.0 |   N/A |   N/A | 100.0 |  88.5
       Dungeon | 100.0 | 100.0 |   N/A |   N/A | 100.0 |  88.5
               +-------+-------+-------+-------+-------+----------------------
